 Dungeon Crawl Stone Soup version 0.29-a0-8-g0446c0dae4 (webtiles) character file.

Game seed: 7352936676989421596

43570 a3don the Fighter (level 14, -6/124 HPs)
             Began as a Hill Orc Ice Elementalist on Jan 26, 2022.
             Was an Elder of Beogh.
             Mangled by a red devil (11 damage)
             ... summoned by Frances
             ... on level 1 of the Shoals on Jan 27, 2022.
             The game lasted 01:39:27 (29318 turns).

a3don the Fighter (Hill Orc Ice Elementalist)      Turns: 29318, Time: 01:39:31

Health: -6/124     AC: 12    Str: 12    XL:     14   Next: 24%
Magic:  15/23      EV: 12    Int: 25    God:    Beogh [****..]
Gold:   441        SH: 16    Dex: 11    Spells: 6/25 levels left

rFire   . . .      SeeInvis .   a - +3 flail (vorpal)
rCold   . . .      Faith    .   F - +1 kite shield
rNeg    + . .      Spirit   .   K - +0 robe {rN+}
rPois   +          Reflect  +   h - +2 hat {Stlth+}
rElec   .          Harm     .   (no cloak)
rCorr   .          Rampage  .   (no gloves)
Will    +....                   (no boots)
Stlth   +++.......              d - amulet of reflection
HPRegen 0.30/turn               I - ring of poison resistance
MPRegen 0.18/turn               R - +6 ring of intelligence

@: ice-armoured, spiked
A: no striking features
a: Renounce Religion, Smiting, Recall Orcish Followers


You were on level 1 of the Shoals.
You worshipped Beogh.
Beogh was greatly pleased with you.
You visited 4 branches of the dungeon, and saw 19 of its levels.

You collected 1574 gold pieces.
You spent 1133 gold pieces at shops.

Inventory:

Hand Weapons
 a - a +3 vorpal flail (weapon)
 b - a +2 short sword of holy wrath
 u - a +1 spear of flaming
 A - a +0 hunting sling
 E - the +7 quarterstaff of Skirmishing {vorpal, rF+ Int+2 SInv}
   (You found it on level 7 of the Dungeon)

   It inflicts extra damage upon your enemies.
   Int:       It affects your intelligence (+2).
   rF:        It protects you from fire.
   SInv:      It lets you see invisible.
 H - the +1 war axe of Deblat {freeze, rPois rF+ Str+4 Stlth+}
   (You found it on level 4 of the Lair of Beasts)

   It freezes those it strikes, dealing additional cold damage.
   It can also slow down cold-blooded creatures.
   Str:       It affects your strength (+4).
   rF:        It protects you from fire.
   rPois:     It protects you from poison.
   Stlth:     It makes you more stealthy.
Missiles
 i - 148 sling bullets
 j - 3 curare-tipped darts
 z - 5 poisoned darts (quivered)
 G - 5 boomerangs of dispersal
Armour
 h - a +2 hat of stealth (worn)
 w - an orb of wrath
 F - a +1 kite shield (worn)
 K - a +0 robe of positive energy (worn)
 X - +0 acid dragon scales
Jewellery
 d - an amulet of reflection (around neck)
 k - a ring of magical power
 r - a +4 ring of protection
 y - a ring of resist corrosion
 B - a ring of protection from fire
 I - a ring of poison resistance (left hand)
 R - a +6 ring of intelligence (right hand)
Wands
 m - a wand of acid (7)
 L - a wand of iceblast (11)
 O - a wand of charming (7)
 V - a wand of polymorph (4)
 Y - a wand of mindburst (2)
Scrolls
 c - a scroll of vulnerability {unknown}
 f - 5 scrolls of teleportation
 g - 2 scrolls of holy word
 l - 3 scrolls of noise {unknown}
 p - 2 scrolls of silence {unknown}
 q - 3 scrolls of enchant armour
 v - 2 scrolls of fear {unknown}
 C - a scroll of enchant weapon
 D - 3 scrolls of torment
 M - 2 scrolls of blinking {unknown}
 N - a scroll of brand weapon
 S - 2 scrolls of immolation {unknown}
 T - a scroll of acquirement {unknown}
 U - a scroll of magic mapping {unknown}
Potions
 e - a potion of cancellation {unknown}
 n - a potion of brilliance {unknown}
 o - 4 potions of lignification
 s - 2 potions of haste
 t - 3 potions of curing
 x - 3 potions of heal wounds
 J - a potion of invisibility {unknown}
 P - a potion of magic {unknown}
 Q - 2 potions of berserk rage {unknown}
 W - a potion of might {unknown}
 Z - a potion of flight {unknown}


   Skills:
 + Level 11.3 Fighting
 - Level 5.0 Maces & Flails
 - Level 6.5 Dodging
 - Level 1.5 Stealth
 - Level 8.0 Shields
 - Level 6.0 Spellcasting
 * Level 8.6 Conjurations
 - Level 2.0 Hexes
 - Level 10.1 Summonings
 - Level 7.5 Ice Magic
 - Level 1.3 Air Magic
 * Level 9.8 Earth Magic


You had 6 spell levels left.
You knew the following spells:

 Your Spells              Type           Power      Damage    Failure   Level
a - Freeze                Ice            100%       1d11      1%          1
b - Frozen Ramparts       Ice            90%        1d11      2%          3
c - Call Canine Familiar  Summ           55%        N/A       1%          3
d - Ozocubu's Armour      Ice            45%        N/A       2%          3
e - Summon Guardian Gole  Hex/Summ       37%        N/A       4%          3
f - Iron Shot             Conj/Erth      26%        9d6       52%         6

Your spell library contained the following spells:

 Spells                   Type           Power      Damage    Failure   Level
 Summon Small Mammal      Summ           100%       N/A       1%          1
 Shock                    Conj/Air       100%       1d9       2%          1
 Static Discharge         Conj/Air       32%        N/A       3%          2
 Hailstorm                Conj/Ice       48%        3d11      6%          4
 Iskenderun's Battlesphe  Conj           50%        2d10      14%         5
 Leda's Liquefaction      Hex/Erth       18%        N/A       16%         4
 Sublimation of Blood     Necr           7%         N/A       26%         2
 Wereblood                Tmut           7%         N/A       26%         2
 Swiftness                Air            14%        N/A       30%         3
 Portal Projectile        Hex/Tloc       24%        N/A       34%         3
 Borgnjor's Vile Clutch   Necr/Erth      16%        N/A       54%         5
 Lightning Bolt           Conj/Air       16%        1d30      54%         5
 Airstrike                Air            7%         N/A       71%         4
 Animate Dead             Necr           3%         N/A       87%         4
 Blade Hands              Tmut           3%         N/A       99%         5
 Excruciating Wounds      Necr           3%         N/A       99%         5
 Death Channel            Necr           3%         N/A       100%        6
 Summon Hydra             Summ           27%        N/A       94%         7
 Spellforged Servitor     Conj/Summ      26%        N/A       97%         7
 Maxwell's Capacitive Co  Air            7%         ∞         100%        8


Dungeon Overview and Level Annotations

Branches:
Dungeon (11/15)            Temple (0/1) D:7            Lair (5/6) D:9
 Shoals (1/4) Lair:2        Snake (0/4) Lair:2          Orc (2/2) D:11
    Elf (0/3) Orc:2
  Slime: Lair:5-6

Altars:
Dithmenos
Fedhas
Gozag
Kikubaaqudgha
Okawaru
Vehumet
Wu Jian
Xom
Yredelemnul
The Shining One
Beogh

Shops:
D:8 :   Orc:2 =[!

Annotations:
D:11 3 runed translucent doors, ChongLi's ghost, journeyman DsNe
Lair:2 exclusion: oklob plant
Shoals:1 Frances


Message History

Press: ? - help, Shift-Dir - straight line, f/p - Frances
Aim: Frances, wielding a +1 vorpal long sword and wearing a +0 ring mail (lightly wounded)
You freeze Frances!
Frances is lightly wounded.
You block Frances's attack.
The red devil hits you from afar with a +0 trident.
Barbed spikes become lodged in your body.
The sea snake bites you!
Your orc wizard misses the sea snake.
Casting: Freeze (safe; 1% risk of failure)
Confirm with . or Enter, or press ? or * to list all spells.
Aiming: Freeze (safe; 1% risk of failure)
Press: ? - help, Shift-Dir - straight line, f/p - Frances
Aim: Frances, wielding a +1 vorpal long sword and wearing a +0 ring mail (lightly wounded)
You freeze Frances!
Frances is lightly wounded.
You block Frances's attack. You block the sea snake's attack.
You block the red devil's attack.
Your orc wizard misses the sea snake.
Casting: Freeze (safe; 1% risk of failure)
Confirm with . or Enter, or press ? or * to list all spells.
Aiming: Freeze (safe; 1% risk of failure)
Press: ? - help, Shift-Dir - straight line, f/p - Frances
Aim: Frances, wielding a +1 vorpal long sword and wearing a +0 ring mail (lightly wounded)
You freeze Frances.
Frances is lightly wounded.
You block Frances's attack. You block the sea snake's attack.
The red devil barely misses you.
Your orc wizard gestures at the sea snake while chanting.
The magic dart hits the sea snake.
Press: ? - help, v - describe, . - travel, g - get item
Here: Frances, wielding a +1 vorpal long sword and wearing a +0 ring mail (lightly wounded)
Items here: a +0 dagger; a +0 robe.
The floor, spattered with blood.
Casting: Freeze (safe; 1% risk of failure)
Confirm with . or Enter, or press ? or * to list all spells.
A film of ice covers your body! You block the sea snake's attack.
Frances mutters in a terrible tongue.
The shard of ice hits you!!!
* * * LOW HITPOINT WARNING * * *
The red devil hits you from afar with a +0 trident!
You die...

≈≈≈≈≈≈≈≈≈≈≈
≈≈≈≈≈≈≈≈≈#
..≈≈≈≈≈≈#
...≈≈≈≈###≈
...≈≈≈≈≈≈≈
..≈≈≈≈# ≈ #.≈≈≈##
≈...####S≈≈≈≈###≈
.≈.....@o≈≈≈≈≈≈≈≈
.≈(.....@<≈≈≈≈≈≈≈
.......4≈≈≈≈≈≈≈≈≈
...##..(≈≈≈≈≈≈≈≈≈
.. #....≈≈≈≈≈≈≈≈
. ........≈≈≈≈≈≈
#........≈≈≈≈≈≈
##......≈≈≈≈≈≈≈
#..##.....?≈≈≈


You could see Frances, a sea snake (ally target), a red devil (summoned) and a
friendly orc wizard.

Vanquished Creatures
  Gastronok (Lair:2)
  Snorg (Lair:3)
  A hydra (Lair:2)
  2 boulder beetles
  A two-headed ogre (D:10)
  2 death yaks (D:9)
  A steelbarb worm (shapeshifter) (D:11)
  An ugly thing (D:11)
  2 orc sorcerers (Orc:2)
  3 elephants (Lair:3)
  10 cane toads
  A gargoyle (D:10)
  3 black mambas
  6 komodo dragons
  2 rime drakes
  A hornet (D:9)
  20 blink frogs
  A snapping turtle (Lair:2)
  A shadow (D:11)
  7 yaks
  7 wyverns
  4 basilisks
  2 steam dragons
  Menkaure (D:6)
  2 wargs
  Edmund (D:4)
  An acid dragon (D:11)
  9 water moccasins
  Duvessa (D:5)
  4 orc warriors
  3 sky beasts
  An ice beast (D:6)
  A black bear (Lair:3)
  3 ogres
  11 wolves
  2 centaurs
  A phantom (D:7)
  2 kobold brigands
  8 bullfrogs
  A gnoll sergeant (D:8)
  A scorpion (D:5)
  Dowan (D:5)
  3 killer bees (D:8)
  A bullfrog zombie (D:5)
  3 centaur zombies
  A hound (D:5)
  A bullfrog skeleton (D:5)
  2 orc priests
  Jessica (D:2)
  A centaur skeleton (D:6)
  2 iguanas
  Terence (D:2)
  12 orc wizards
  A howler monkey skeleton (D:7)
  9 adders
  10 gnolls
  2 white imps
  An adder skeleton (D:4)
  2 worms (D:3)
  21 orcs
  8 ball pythons
  5 bats
  7 endoplasms
  3 giant cockroaches
  4 goblins
  5 hobgoblins
  3 quokkas (D:2)
  5 frilled lizards
  12 kobolds
  14 rats
274 creatures vanquished.

Vanquished Creatures (collateral kills)
  Erolcha (Orc:2)
  3 hydras
  Fannar (Orc:1)
  An ogre mage (Orc:2)
  A two-headed ogre (D:11)
  Sonja (Lair:3)
  An orc knight (Orc:1)
  6 orc sorcerers (Orc:2)
  A black mamba (Lair:2)
  Maggie (Lair:2)
  3 cane toads
  5 rime drakes
  2 komodo dragons
  3 trolls
  8 blink frogs
  Sigmund (D:6)
  5 yaks
  A steam dragon (D:7)
  An acid dragon (D:5)
  5 water moccasins
  6 orc warriors
  A necrophage (D:7)
  7 ogres
  A black bear (Lair:2)
  2 centaurs
  A wolf (Lair:3)
  7 bullfrogs
  2 electric eels
  3 howler monkeys
  A crimson imp (D:9)
  A centaur skeleton (D:7)
  7 orc priests
  3 orc wizards
  A killer bee zombie (D:7)
  A howler monkey zombie (D:9)
  A gnoll (D:6)
  An ufetubus (D:5)
  5 orcs
102 creatures vanquished.

Vanquished Creatures (others)
  A hydra (D:9)
  A two-headed ogre (D:8)
  A death yak (D:9)
  An orc sorcerer (Orc:1)
  3 orc warriors
  A blink frog (Lair:3)
  A yak (D:9)
  An acid dragon (D:10)
  3 wolves (Lair:3)
  4 orc priests
  14 orc wizards
  31 orcs
  41 fungi
  72 plants
175 creatures vanquished.

Grand Total: 551 creatures vanquished

Notes
Turn   | Place    | Note
-------+----------+-------------------------------------------
     0 | D:1      | a3don the Hill Orc Ice Elementalist began the quest for the
                  | Orb.
     0 | D:1      | Reached XP level 1. HP: 14/14 MP: 3/3
   269 | D:1      | Reached XP level 2. HP: 22/22 MP: 4/4
   857 | D:1      | Reached skill level 1 in Fighting
  1166 | D:1      | Reached XP level 3. HP: 13/28 MP: 3/5
  1168 | D:1      | Found a faded altar of an unknown god.
  2390 | D:2      | Reached XP level 4. HP: 31/36 MP: 3/7
  2394 | D:2      | Learned a level 3 spell: Frozen Ramparts
  2398 | D:2      | Learned a level 3 spell: Call Canine Familiar
  2441 | D:2      | Reached skill level 2 in Fighting
  2533 | D:2      | Noticed Jessica
  2536 | D:2      | Noticed Terence
  2540 | D:2      | Killed Jessica
  2544 | D:2      | Killed Terence
  2545 | D:2      | Reached skill level 1 in Summonings
  2545 | D:2      | Reached XP level 5. HP: 20/42 MP: 0/8
  4298 | D:3      | Became a worshipper of Beogh the Brigand
  4810 | D:4      | Noticed a kobold brigand
  4818 | D:4      | Killed a kobold brigand
  4819 | D:4      | Reached XP level 6. HP: 29/50 MP: 9/9
  5039 | D:4      | Noticed Edmund
  5082 | D:4      | Killed Edmund
  5083 | D:4      | Reached skill level 3 in Fighting
  5175 | D:4      | Found a glowing golden altar of the Shining One.
  5600 | D:4      | Reached XP level 7. HP: 47/57 MP: 11/11
  5605 | D:4      | Learned a level 3 spell: Ozocubu's Armour
  5659 | D:4      | Found an ornate altar of the Wu Jian Council.
  5957 | D:5      | Entered Level 5 of the Dungeon
  6114 | D:5      | Reached skill level 1 in Maces & Flails
  6115 | D:5      | Reached * piety under Beogh
  6396 | D:5      | Found a shimmering altar of Xom.
  6500 | D:5      | Reached skill level 4 in Fighting
  6690 | D:5      | Reached XP level 8. HP: 25/66 MP: 11/12
  6906 | D:5      | Learned a level 3 spell: Summon Guardian Golem
  7012 | D:5      | Found a shadowy altar of Dithmenos.
  7099 | D:5      | Found an iron altar of Okawaru.
  7109 | D:5      | Found an opulent altar of Gozag.
  7113 | D:5      | Found an ancient bone altar of Kikubaaqudgha.
  7124 | D:5      | Noticed Duvessa
  7124 | D:5      | Noticed Dowan
  7140 | D:5      | Killed Duvessa
  7146 | D:5      | Killed Dowan
  7147 | D:5      | Reached skill level 5 in Ice Magic
  7478 | D:6      | Found a basalt altar of Yredelemnul.
  7698 | D:6      | Reached skill level 5 in Summonings
  7746 | D:6      | Noticed Sigmund
  7768 | D:6      | Killed Sigmund
  7870 | D:6      | Noticed Menkaure
  7893 | D:6      | Killed Menkaure
  7894 | D:6      | Reached skill level 5 in Fighting
  8370 | D:6      | Reached XP level 9. HP: 73/74 MP: 14/14
  8786 | D:7      | Found a staircase to the Ecumenical Temple.
  9323 | D:7      | Identified the +7 quarterstaff of Skirmishing {vorpal, rF+
                  | Int+2 SInv}
  9405 | D:7      | Reached ** piety under Beogh
  9774 | D:7      | Reached skill level 1 in Shields
  9912 | D:7      | Reached skill level 1 in Hexes
 10334 | D:8      | Reached skill level 6 in Fighting
 10699 | D:8      | Noticed a two-headed ogre
 10713 | D:8      | Killed a two-headed ogre
 10714 | D:8      | Reached XP level 10. HP: 84/84 MP: 16/16
 10985 | D:8      | Found Zanelyhe's Book Shop.
 11485 | D:9      | Noticed a boulder beetle
 11493 | D:9      | Killed a boulder beetle
 11494 | D:9      | Reached skill level 5 in Dodging
 11494 | D:9      | Reached skill level 1 in Earth Magic
 11885 | D:9      | Noticed a five-headed hydra
 11896 | D:9      | Killed a five-headed hydra
 11897 | D:9      | Reached skill level 5 in Maces & Flails
 12100 | D:9      | Noticed a death yak
 12101 | D:9      | Found a staircase to the Lair.
 12114 | D:9      | Killed a death yak
 12115 | D:9      | Reached skill level 7 in Fighting
 12125 | D:9      | Noticed a death yak
 12131 | D:9      | Noticed a death yak
 12140 | D:9      | Killed a death yak
 12141 | D:9      | Reached XP level 11. HP: 46/92 MP: 7/18
 12321 | D:9      | Killed a death yak
 12322 | D:9      | Reached skill level 5 in Spellcasting
 13841 | D:10     | Entered Level 10 of the Dungeon
 14109 | Lair:1   | Entered Level 1 of the Lair of Beasts
 14586 | Lair:1   | Reached *** piety under Beogh
 15292 | Lair:1   | Noticed an eight-headed hydra
 15299 | Lair:1   | HP: 2/94 [eight-headed hydra (6)]
 15301 | Lair:1   | Killed an eight-headed hydra
 15302 | Lair:1   | Reached skill level 8 in Fighting
 15929 | Lair:2   | Found a gate leading to a gauntlet.
 15938 | Lair:2   | Reached skill level 5 in Shields
 16145 | Lair:2   | Found a blossoming altar of Fedhas.
 16204 | Lair:2   | Noticed an oklob plant
 16249 | Lair:2   | Found a staircase to the Snake Pit.
 16437 | Lair:2   | Reached XP level 12. HP: 68/103 MP: 15/20
 16619 | Lair:2   | Noticed Maggie
 16643 | Lair:2   | Killed Maggie
 17023 | Lair:2   | Reached skill level 1 in Air Magic
 17027 | Lair:2   | Noticed Gastronok
 17044 | Lair:2   | Killed Gastronok
 17667 | Lair:2   | Noticed a seven-headed hydra
 17686 | Lair:2   | Killed a seven-headed hydra
 17687 | Lair:2   | Reached skill level 1 in Conjurations
 17687 | Lair:2   | Reached skill level 5 in Earth Magic
 18022 | Lair:2   | Found a staircase to the Shoals.
 18487 | Lair:3   | Reached skill level 10 in Summonings
 18497 | Lair:3   | Reached skill level 9 in Fighting
 18963 | D:8      | Bought a book of Power for 462 gold pieces
 18970 | D:8      | Learned a level 6 spell: Iron Shot
 19532 | Lair:3   | Noticed Sonja
 19552 | Lair:3   | Killed Sonja
 19635 | Lair:3   | Noticed Snorg
 19645 | Lair:3   | Killed Snorg
 19646 | Lair:3   | Reached XP level 13. HP: 73/111 MP: 9/22
 19972 | Lair:3   | You fall into a shaft and drop 2 floors!
 20201 | Lair:5   | Reached skill level 5 in Conjurations
 20248 | Lair:5   | Reached **** piety under Beogh
 20296 | Lair:5   | Reached skill level 10 in Fighting
 22172 | Lair:4   | Identified the +1 war axe of Deblat {freeze, rPois rF+
                  | Str+4 Stlth+}
 25855 | D:11     | Reached XP level 14. HP: 121/122 MP: 15/23
 25897 | D:11     | Found a runed translucent gate.
 25910 | D:11     | Found a runed translucent gate.
 25911 | D:11     | Found a runed translucent gate.
 25930 | D:11     | Noticed ChongLi's ghost (journeyman DsNe)
 25967 | D:11     | Reached skill level 11 in Fighting
 26431 | D:11     | Found a staircase to the Orcish Mines.
 26711 | Orc:1    | Entered Level 1 of the Orcish Mines
 26830 | Orc:2    | Entered Level 2 of the Orcish Mines
 26830 | Orc:2    | Found a staircase to the Elven Halls.
 27172 | Orc:2    | Upgraded the game from 0.28-a0-1638-g9123634e07 to
                  | 0.29-a0-8-g0446c0dae4
 27762 | Orc:2    | Found Maimn's Distillery.
 27973 | Orc:2    | Found Tuthymn's Distillery.
 28013 | Orc:2    | Bought a potion of curing for 39 gold pieces
 28026 | Orc:2    | Found an ancient bone altar of Kikubaaqudgha.
 28182 | Orc:2    | Found Ritu's Antique Armour Shoppe.
 28192 | Orc:2    | Bought a brightly glowing leather armour for 182 gold
                  | pieces
 28192 | Orc:2    | Identified the +1 leather armour of Offujoli {Int+4 Dex+4}
                  | (You bought it in a shop on level 2 of the Orcish Mines)
 28196 | Orc:2    | Noticed Erolcha
 28201 | Orc:2    | Found a radiant altar of Vehumet.
 28204 | Orc:2    | Killed Erolcha
 28254 | Orc:2    | Found a roughly hewn altar of Beogh.
 28281 | Orc:2    | Found Qireick's Jewellery Emporium.
 28288 | Orc:2    | Bought an amulet of reflection for 450 gold pieces
 28449 | Orc:1    | Found a roughly hewn altar of Beogh.
 28616 | Orc:1    | Noticed Fannar
 28632 | Orc:1    | Killed Fannar
 28668 | Orc:1    | Found a roughly hewn altar of Beogh.
 28938 | Orc:1    | Gained Dorog as an ally
 29304 | Shoals:1 | Entered Level 1 of the Shoals
 29304 | Shoals:1 | Noticed Frances
 29318 | Shoals:1 | HP: 5/124 [Frances/shard of ice (45)]
 29318 | Shoals:1 | Mangled by a red devil

Illustrated notes

Levels and vault maps discovered:
D:1:      scummos_arrival_checkerplants, layout_basic,
          hellmonk_ecumenical_altar_zigzags, chequers_mini_garden
D:2:      minmay_evil_eye, layout_basic, uniq_jessica, uniq_terence
D:3:      layout_loops_cross
D:4:      layout_loops_cross, nicolae_wu_jian_immortal_techniques,
          mainiacjoe_overflow_cross_hatched, minmay_door_square, eino_curves_02,
          hangedman_abyss_or_decor_stagger, lemuel_flame_loot_1, uniq_edmund
D:5:      layout_cave_pods, grunt_dithmenos_smoke_and_mirrors, minitemple,
          mainiacjoe_overflow_six_doors_small, grunt_ministairs_14, uniq_duvessa
D:6:      layout_basic, mainiacjoe_overflow_paths, serial_corexii_hall,
          chequers_hall_statues_corner_a, chequers_hall_statues_wall_a,
          corexii_hall_statues_l, chequers_hall_statues_wall_a, uniq_menkaure,
          uniq_sigmund
D:7:      layout_rooms, temple_doors_e
D:8:      layout_rooms, serial_shops, shop
D:9:      layout_loops_corners, dpeg_lair_monsters,
          chequers_serial_rivers_micro_c, minmay_fire_ice_demons
D:10:     layout_loops_ring, chequers_serial_rivers_micro_b
D:11:     layout_loops_ring, orc_0_dummy, gammafunk_ghost_nasty_kobolds
Lair:1:   layout_hall_layers, serial_forest, infiniplex_forest_clump_C,
          infiniplex_forest_straight_4, infiniplex_forest_clump_small,
          infiniplex_forest_lined_ring, infiniplex_forest_clump_curved,
          infiniplex_forest_diagonal
Lair:2:   layout_regular_city, minmay_shoals_entry_hut, dummy_snake_entry,
          gauntlet_entry_generic, tgw_fedhas, uniq_maggie, uniq_gastronok
Lair:3:   layout_concentric_octagons, uniq_snorg, uniq_sonja
Lair:4:   layout_gridlike
Lair:5:   layout_hall_layers, grunt_megastairs_1, infiniplex_staircase_pool
Shoals:1: layout_shoals, serial_shops, nicolae_shop_hallway_stairs, uniq_frances
Orc:1:    layout_caves, basic_altar, mines1_david, uniq_fannar
Orc:2:    kennysheep_orc_mage_school, layout_caves

Skill      XL: |  1  2  3  4  5  6  7  8  9 10 11 12 13 14 |
---------------+-------------------------------------------+-----
Fighting       | 1 2 3 4 5 6 7 8 9 10 11 | 11.3
Dodging        | 2 3 4 5 6 |  6.5
Spellcasting   | 2 3 4 5 6 |  6.0
Ice Magic      | 4 5 6 7 |  7.5
Summonings     | 1 2 3 4 5 7 8 9 10 | 10.1
Maces & Flails | 1 3 4 5 |  5.0
Shields        | 2 3 5 6 8 |  8.0
Hexes          | 2 |  2.0
Earth Magic    | 2 4 6 9 |  9.8
Air Magic      | 1 |  1.3
Conjurations   | 4 7 8 |  8.6
Stealth        | |  1.5

Action                   |  1- 3 |  4- 6 |  7- 9 | 10-12 | 13-15 || total
-------------------------+-------+-------+-------+-------+-------++-------
Melee: Unarmed           |     7 |       |       |       |       ||     7
       Whip              |    21 |       |       |       |       ||    21
       Short sword       |    54 |    89 |    50 |     5 |     6 ||   204
       Punch             |     2 |     1 |     5 |     2 |       ||    10
       Flail             |       |     9 |    82 |   105 |   138 ||   334
Throw: Dart              |       |       |     3 |     6 |     6 ||    15
 Cast: Freeze            |    18 |    23 |    45 |    59 |    74 ||   219
       Frozen Ramparts   |       |     9 |    21 |    51 |    54 ||   135
       Call Canine Famil |       |     2 |    23 |    55 |    56 ||   136
       Summon Guardian G |       |       |     4 |    19 |       ||    23
       Ozocubu's Armour  |       |       |     3 |    19 |    11 ||    33
Invok: Convert to Beogh  |       |     1 |       |       |       ||     1
Evoke: Wand              |       |       |       |       |     4 ||     4
  Use: Scroll            |       |       |       |     8 |     4 ||    12
 Stab: Sleeping          |     4 |     5 |     1 |       |       ||    10
       Distracted        |       |       |       |       |     1 ||     1
       Confused          |       |       |       |       |     1 ||     1
Armor: Robe              |    18 |    20 |    70 |    57 |    33 ||   198
Dodge: Dodged            |    55 |    70 |   139 |   140 |   113 ||   517
Block: Kite shield       |       |       |       |    63 |   138 ||   201

Table legend: (Time is in decaauts)
 A = Elapsed time spent in this place.
 B = Non-inter-level travel time spent in this place.
 C = Inter-level travel time spent in this place.
 D = Time resting spent in this place.
 E = Time spent auto-exploring this place.
 F = Levels seen in this place.
 G = Mean time per level.
                   A        B        C        D        E       F      G
               +--------+--------+--------+--------+--------+-----+--------+
         Total |  29450 |  27991 |   1459 |   9860 |  14030 |  19 | 1550.0 |
       Dungeon |  16979 |  16283 |    696 |   4984 |   9116 |  11 | 1543.5 |
          Lair |  10016 |   9371 |    645 |   3960 |   3910 |   5 | 2003.2 |
        Shoals |     14 |     14 |      0 |      0 |      0 |   1 |   14.0 |
  Orcish Mines |   2439 |   2322 |    117 |    916 |   1003 |   2 | 1219.5 |
               +--------+--------+--------+--------+--------+-----+--------+

Top non-repeatable levels by time:
     D:9: 3251 daAuts
  Lair:2: 2323 daAuts
  Lair:3: 2218 daAuts
  Lair:1: 2026 daAuts
  Lair:5: 1963 daAuts
     D:1: 1924 daAuts
     D:2: 1759 daAuts
     D:7: 1596 daAuts
  Lair:4: 1485 daAuts
    D:11: 1453 daAuts
     D:4: 1376 daAuts
     D:5: 1355 daAuts
   Orc:2: 1322 daAuts
     D:6: 1255 daAuts
     D:8: 1125 daAuts
